 Dungeon Crawl Stone Soup version 0.29.1 (webtiles) character file.

Game seed: 397210964040670536

119 qw the Chopper (level 5, -5/32 HPs)
             Began as a Gargoyle Fighter on Sept 13, 2022.
             Killed by divine providence
             ... invoked by an orc priest
              (14 damage)
             ... on level 3 of the Dungeon.
             The game lasted 00:00:57 (2337 turns).

qw the Chopper (Gargoyle Fighter)                   Turns: 2337, Time: 00:00:58

Health: -5/32      AC: 10    Str: 21    XL:     5   Next: 3%
Magic:  5/5        EV: 11    Int: 13    God:
Gold:   122        SH:  4    Dex:  9    Spells: 4/4 levels left

rFire   . . .      SeeInvis +   Y - +0 war axe
rCold   . . .      Faith    .   c - +0 buckler
rNeg    + . .      Spirit   .   i - +3 leather armour of Filth {Drain Int+4 SInv}
rPois   inf        Reflect  .   (no helmet)
rElec   +          Harm     .   (no cloak)
rCorr   .          Rampage  .   (no gloves)
Will    .....                   (no boots)
Stlth   +.........              (no amulet)
HPRegen 0.10/turn               (no ring)
MPRegen 0.09/turn               (no ring)

@: no status effects
A: sickness immunity, AC +4, negative energy resistance 1, electricity
resistance, torment resistance 1, petrification resistance
a: no special abilities


You were on level 3 of the Dungeon.
You visited 1 branch of the dungeon, and saw 3 of its levels.

You collected 122 gold pieces.


Innate Abilities, Weirdness & Mutations

You are immune to sickness and miasma.
Your stone body is resilient. (AC +4)
You are immune to poison.
You resist negative energy. (rN+)
You are resistant to electric shocks. (rElec)
You are resistant to unholy torment.
You are immune to petrification.


   Skills:
 - Level 3.2 Fighting
 + Level 4.3 Axes
 - Level 3.2 Armour
 - Level 1.0 Dodging
 - Level 3.2 Shields


You had 4 spell levels left.
You didn't know any spells.
Your spell library was empty.

Inventory:

Hand Weapons
 f - a +1 whip of draining
 Y - a +0 war axe (weapon)
Armour
 b - a +0 scale mail
 c - a +0 buckler (worn)
 i - the +3 leather armour of Filth (worn) {Drain Int+4 SInv}
   (You found it on level 2 of the Dungeon)

   Int:       It affects your intelligence (+4).
   SInv:      It lets you see invisible.
   Drain:     It drains your maximum health when unequipped.
Jewellery
 h - a ring of see invisible
Scrolls
 a - 2 scrolls of teleportation
Potions
 d - a potion of might
 g - 2 potions of curing {unknown}
 j - a potion of lignification {unknown}
 k - a potion of mutation {unknown}

Dungeon Overview and Level Annotations

Branches:
Dungeon (3/15)

Altars:


Message History

You completely miss the orc wizard.
The orc wizard is almost dead.
You hit the orc. The orc wizard casts a spell at you.
You are confused.
You bump into the rock wall.
The orc wizard barely misses you. The orc barely misses you.
You slash the orc wizard!
You kill the orc wizard!
You closely miss the orc. The orc hits you but does no damage.
The orc priest looks encouraged for a moment.
You have reached level 5!
There is a stone staircase leading down here.
You're too confused to move!
The orc hits you but does no damage.
You miss the orc.
The orc is almost dead.
You feel less confused. The orc hits you but does no damage.
You hit the orc.
You kill the orc!
You barely miss the orc priest. The orc hits you but does no damage.
The orc priest barely misses you.
You slash the orc priest!
The orc priest is heavily wounded.
You barely miss the orc. You block the orc priest's attack.
The orc hits you with a +0 whip.
You barely miss the orc priest.
The orc priest is heavily wounded.
You barely miss the orc.
The orc priest looks braver for a moment.
You block the orc's attack.
You hit the orc priest.
The orc priest is severely wounded.
You slash the orc!
You kill the orc!
The orc priest invokes the aid of Beogh against you.
Beogh smites you!
You die...

#.# ..# #.#
#.#.# #.# #.#.#
#.# #.#.# #.#
#.#o# #.# #.#o#
#.# #######.#o#
#.# .......@#)#
#.# .......oo.#
#.#
#######%######.#
...............#
#######.########
#.# #.# #.# #.#


You could see an orc priest and an orc.

Vanquished Creatures
  An orc wizard (D:3)
  2 adders (D:2)
  2 worms (D:2)
  2 dart slugs (D:2)
  2 orcs (D:3)
  8 endoplasms
  2 giant cockroaches
  10 goblins
  8 hobgoblins
  9 kobolds
  2 quokkas
  3 ball pythons (D:1)
  5 bats
  7 frilled lizards
  4 rats (D:1)
67 creatures vanquished.

Vanquished Creatures (others)
  A plant (D:1)
1 creature vanquished.

Grand Total: 68 creatures vanquished

Notes
Turn   | Place    | Note
-------+----------+-------------------------------------------
     0 | D:1      | qw the Gargoyle Fighter began the quest for the Orb.
     0 | D:1      | Reached XP level 1. HP: 14/14 MP: 1/1
     0 | D:1      | 0 ||| qw: Version: 0.1-a-119-g272c26d
     0 | D:1      | 0 ||| qw: Game counter: 11300
     0 | D:1      | 0 ||| qw: Always use a shield: true
     0 | D:1      | 0 ||| qw: God list: Okawaru
     0 | D:1      | 0 ||| qw: Allow faded altars: false
     0 | D:1      | 0 ||| qw: Do Orc after D:15 true
     0 | D:1      | 0 ||| qw: Do second Lair branch before Depths: true
     0 | D:1      | 0 ||| qw: Lair rune preference: random
     0 | D:1      | 0 ||| qw: Plans: Normal, Zot, God:TSO, Crypt, Tomb, Pan,
                  | Slime, Hells, Zig, Abyss, Orb
     0 | D:1      | 0 ||| PLANNING D:1-11
    55 | D:1      | Reached skill level 2 in Axes
   288 | D:1      | Reached XP level 2. HP: 19/19 MP: 2/2
   343 | D:1      | You fall into a shaft and drop 1 floor!
   556 | D:2      | Identified the +3 leather armour of Filth {Drain Int+4
                  | SInv}
   568 | D:2      | 568 ||| DROPPING +0 club.
   663 | D:2      | Reached skill level 3 in Axes
   663 | D:2      | Reached XP level 3. HP: 10/23 MP: 3/3
   873 | D:2      | 873 ||| DROPPING +0 whip.
   906 | D:2      | 906 ||| Stepping ~*~*~tactically~*~*~ (stealth).
   908 | D:2      | 908 ||| Stepping ~*~*~tactically~*~*~ (stealth).
   911 | D:2      | 911 ||| Stepping ~*~*~tactically~*~*~ (stealth).
   936 | D:2      | 936 ||| Stepping ~*~*~tactically~*~*~ (stealth).
   945 | D:2      | 945 ||| UPGRADING to +3 leather armour of Filth {Drain
                  | Int+4 SInv}.
   955 | D:2      | 955 ||| READING scroll labelled KUNLELYTAA.
   958 | D:2      | 958 ||| READING scroll labelled FAUNEM UFOAHA.
  1285 | D:1      | Reached XP level 4. HP: 27/28 MP: 4/4
  1553 | D:1      | Reached skill level 4 in Axes
  1757 | D:1      | 1757 ||| READING 3 scrolls labelled IXTOAMPYBY.
  1758 | D:1      | 1758 ||| DRINKING 2 fizzy blue potions.
  1759 | D:1      | 1759 ||| DROPPING 2 scrolls of vulnerability.
  1795 | D:2      | Found a faded altar of an unknown god.
  2085 | D:2      | 2085 ||| Stepping ~*~*~tactically~*~*~ (stealth).
  2086 | D:2      | 2086 ||| Stepping ~*~*~tactically~*~*~ (stealth).
  2088 | D:2      | 2088 ||| Stepping ~*~*~tactically~*~*~ (stealth).
  2091 | D:2      | 2091 ||| Stepping ~*~*~tactically~*~*~ (stealth).
  2097 | D:2      | Reached skill level 1 in Dodging
  2252 | D:2      | 2252 ||| READING scroll labelled ICZOME QUWNO.
  2308 | D:3      | 2308 ||| Stepping ~*~*~tactically~*~*~ (hiding).
  2321 | D:3      | HP: 7/28 [orc wizard/puff of flame (2)]
  2322 | D:3      | 2322 ||| DRINKING potion of heal wounds.
  2330 | D:3      | Reached XP level 5. HP: 9/32 MP: 5/5
  2337 | D:3      | Killed from afar by an orc priest

Levels and vault maps discovered:
D:1:      eino_arrival_water_cross, layout_basic
D:2:      cheibrodos_greedy_goblins, layout_basic,
          ebering_ecumenical_altar_mist, minmay_pentomino_p4
D:3:      layout_basic, amcnicky_altar_gilded, lemuel_coloured_pillars_altar

Skill      XL: |  1  2  3  4 |
---------------+-------------+-----
Axes           | 2 3 4 |  4.3
Dodging        | 1 |  1.0
Fighting       | |  3.2
Armour         | |  3.2
Shields        | |  3.2

Action                   |  1- 3 |  4- 6 || total
-------------------------+-------+-------++-------
Melee: War axe           |   113 |    85 ||   198
  Use: Scroll            |     2 |     2 ||     4
       Potion            |       |     2 ||     2
Armor: Scale mail        |    56 |       ||    56
       Leather armour    |     6 |    34 ||    40
Dodge: Dodged            |    56 |    38 ||    94
Block: Buckler           |    16 |    17 ||    33

Table legend:
 A = Non-vault XP
 B = Vault XP
 C = Vault XP percentage of total XP
 D = Non-vault monster count
 E = Vault monster count
 F = Vault count percentage of total count
                 A         B        C        D         E       F
            +---------+---------+-------+---------+---------+-------
      Total |     140 |      34 |  19.5 |      55 |      12 |  17.9
            +---------+---------+-------+---------+---------+-------
        D:1 |      48 |       0 |   0.0 |      31 |       0 |   0.0
        D:2 |      50 |      34 |  40.5 |      20 |      12 |  37.5
        D:3 |      42 |       0 |   0.0 |       4 |       0 |   0.0
            +---------+---------+-------+---------+---------+-------
